 Dungeon Crawl Stone Soup version 0.29-a0-459-g97dee8cd24 (webtiles) character file.

Game seed: 795022747220552527

66 bande the Skirmisher (level 4, -2/29 HPs)
             Began as a Gargoyle Fighter on May 21, 2022.
             Slain by Crazy Yiuf
             ... wielding a +4 quarterstaff of chaos
              (12 damage)
             ... on level 2 of the Dungeon.
             The game lasted 00:03:33 (2265 turns).

bande the Skirmisher (Gargoyle Fighter)             Turns: 2265, Time: 00:03:34

Health: -2/29      AC:  3    Str: 20    XL:     4   Next: 15%
Magic:  4/4        EV:  7    Int:  8    God:
Gold:   80         SH: 12    Dex: 11    Spells: 3/3 levels left

rFire   . . .      SeeInvis .   a - +0 war axe
rCold   . . .      Faith    .   b - +0 tower shield
rNeg    + . .      Spirit   .   (no body armour)
rPois   ∞          Reflect  .   (no helmet)
rElec   +          Harm     .   (no cloak)
rCorr   .          Rampage  .   (no gloves)
Will    .....                   (no boots)
Stlth   +.........              (no amulet)
HPRegen 0.09/turn               (no ring)
MPRegen 0.09/turn               (no ring)

@: no status effects
A: sickness immunity, AC +3, negative energy resistance 1, electricity
resistance, torment resistance 1, petrification resistance
a: no special abilities


You were on level 2 of the Dungeon.
You visited 1 branch of the dungeon, and saw 2 of its levels.

You collected 80 gold pieces.

Inventory:

Hand Weapons
 a - a +0 war axe (weapon)
 i - a +1 mace of holy wrath
Armour
 b - a +0 tower shield (worn)
 j - a +3 scale mail of poison resistance
Scrolls
 e - a scroll of summoning
Potions
 c - a potion of cancellation {unknown}
 d - a potion of might
 f - a potion of brilliance {unknown}
 g - a potion of heal wounds


   Skills:
 + Level 4.0 Fighting
 + Level 2.4 Axes
 + Level 3.9 Armour
 + Level 0.1 Dodging
 + Level 3.7 Shields


You had 3 spell levels left.
You didn't know any spells.
Your spell library contained the following spells:

 Spells                   Type           Power      Damage    Failure   Level
 Poisonous Vapours        Pois/Air       0%         N/A       100%        2
 Wereblood                Tmut           0%         N/A       100%        2
 Corpse Rot               Necr/Pois/Air  0%         N/A       100%        4
 Summon Hydra             Summ           0%         N/A       100%        7
 Sublimation of Blood     Necr           Unusable   N/A       N/A         2

Dungeon Overview and Level Annotations

Branches:
Dungeon (2/15)

Altars:

Annotations:
D:2 Crazy Yiuf


Innate Abilities, Weirdness & Mutations

You are immune to sickness and miasma.
Your stone body is resilient. (AC +3)
You are immune to poison.
You resist negative energy. (rN+)
You are resistant to electric shocks. (rElec)
You are resistant to unholy torment.
You are immune to petrification.


Message History

The fungus is lightly damaged.
You hit the fungus. You hit the fungus.
The fungus is lightly damaged.
You hit the fungus.
A nearby fungus withers and dies.
You hit the fungus.
The fungus is lightly damaged.
A nearby fungus withers and dies.
You hit the fungus.
The fungus begins to die.
The fungus is lightly damaged.
You hit the bush but do no damage. You hit the fungus but do no damage.
The fungus is lightly damaged.
You slash the bush!
A nearby fungus withers and dies.
Found a mace.
Found a runed translucent door.
You open the door. You hit Crazy Yiuf but do no damage.
You block Crazy Yiuf's attack. x2
You hit Crazy Yiuf.
Crazy Yiuf is lightly wounded.
Crazy Yiuf hits you with a +4 quarterstaff of chaos!
Crazy Yiuf freezes you.
You hit Crazy Yiuf but do no damage.
Crazy Yiuf is lightly wounded.
You block Crazy Yiuf's attack. x2
You closely miss Crazy Yiuf.
Crazy Yiuf is lightly wounded.
Crazy Yiuf closely misses you.
Crazy Yiuf yells, "Seed unthinkable seventy!"
You block Crazy Yiuf's attack.
You hit Crazy Yiuf but do no damage.
Crazy Yiuf is lightly wounded.
Crazy Yiuf hits you with a +4 quarterstaff of chaos.
Crazy Yiuf freezes you.
Crazy Yiuf yells, "Two!"
You block Crazy Yiuf's attack.
You hit Crazy Yiuf but do no damage.
Crazy Yiuf is lightly wounded.
You block Crazy Yiuf's attack.
Crazy Yiuf hits you with a +4 quarterstaff of chaos!
You die...

###.....######....#####.#
#####...## #....# #.#
##### ###..# ♣P..♣♣ #.##
....# #### ♣.P.♣ #..#
....## ♣♣.♣♣ ##.# .....#
♣.♣♣ #.# .....## ♣♣.♣
#.###### ......######
♣.♣♣ #......#
....#......# ♣♣@♣
#......# ....##.....# #g#
#......# ....##.#.### ...
###......# ...........#
#...# #........#
.#####.#.### #..)#
###......# ..##...#.###
##### #....<.#
......##...# #......#
...#†......### #......#
....†###.....# #.#.####


You could see Crazy Yiuf.

Vanquished Creatures
  Terence (D:2)
  2 worms (D:2)
  A bat (D:2)
  An endoplasm (D:1)
  2 giant cockroaches (D:1)
  3 goblins
  A hobgoblin (D:2)
  7 jackals
  2 quokkas
  4 ball pythons
  3 frilled lizards
  3 kobolds (D:1)
  4 rats (D:1)
34 creatures vanquished.

Vanquished Creatures (others)
  3 fungi (D:2)
3 creatures vanquished.

Grand Total: 37 creatures vanquished

Notes
Turn   | Place    | Note
-------+----------+-------------------------------------------
     0 | D:1      | bande the Gargoyle Fighter began the quest for the Orb.
     0 | D:1      | Reached XP level 1. HP: 14/14 MP: 1/1
   245 | D:1      | Reached XP level 2. HP: 16/19 MP: 2/2
   319 | D:1      | Found a faded altar of an unknown god.
   920 | D:2      | Noticed Terence
   934 | D:2      | Killed Terence
   935 | D:2      | Reached XP level 3. HP: 6/24 MP: 3/3
  1742 | D:2      | Reached XP level 4. HP: 29/29 MP: 4/4
  1799 | D:2      | Reached skill level 4 in Fighting
  2255 | D:2      | Found a runed translucent door.
  2256 | D:2      | Noticed Crazy Yiuf
  2265 | D:2      | Slain by Crazy Yiuf

Illustrated notes

Levels and vault maps discovered:
D:1:      shiori_shiawase, layout_basic, ebering_ecumenical_altar_box
D:2:      layout_rooms, uniq_terence, uniq_crazy_yiuf_cottage

Skill      XL: |  1  2  3  4 |
---------------+-------------+-----
Axes           | 2 |  2.4
Fighting       | 4 |  4.0
Armour         | |  3.9
Dodging        | |  0.1
Shields        | |  3.7

Action                   |  1- 3 |  4- 6 || total
-------------------------+-------+-------++-------
Melee: War axe           |    98 |    31 ||   129
  Use: Scroll            |     3 |       ||     3
       Potion            |     1 |       ||     1
Armor: Scale mail        |    42 |       ||    42
       Skin              |     7 |     6 ||    13
Dodge: Dodged            |    49 |     9 ||    58
Block: Buckler           |    14 |       ||    14
       Tower shield      |    18 |    28 ||    46

Table legend: (Time is in decaauts)
 A = Elapsed time spent in this place.
 B = Non-inter-level travel time spent in this place.
 C = Inter-level travel time spent in this place.
 D = Time resting spent in this place.
 E = Time spent auto-exploring this place.
 F = Levels seen in this place.
 G = Mean time per level.
                   A        B        C        D        E       F      G
               +--------+--------+--------+--------+--------+-----+--------+
         Total |   2342 |   2342 |      0 |    545 |   1427 |   2 | 1171.0 |
       Dungeon |   2342 |   2342 |      0 |    545 |   1427 |   2 | 1171.0 |
               +--------+--------+--------+--------+--------+-----+--------+

Top non-repeatable levels by time:
     D:2: 1426 daAuts
     D:1: 915 daAuts
